Map: Oxide LE

Players

Vanya - Winner!

  • Race: Zerg Zerg

PtitDrogo

  • Race: Protoss Protoss

Event: DreamHack SC2 Masters 2021 Fall

VOD

Have the link to the VOD?

Description

Time

  • Played on: July 30, 2021, 12:22 p.m.
  • Length: 22:32

All games in this series

Show
View Real Time Build Order
Export as new Build Order

Vanya Zerg - Winner!

Build Orders: Hatch First 

Get SALT Encoding   

  12  0:00  Drone  
  13  0:11  Overlord  
  13  0:16  Drone  
  14  0:30  Drone x2  
  16  0:40  Drone  
  17  0:51  Hatchery  
  17  0:54  Drone  
  17  0:58  Drone  
  18  1:09  Extractor  
  17  1:13  Spawning Pool  
  17  1:17  Drone  
  17  1:21  Drone  
  18  1:28  Drone  
  19  1:38  Drone  
  20  1:48  Overlord  
  20  2:00  Queen  
  22  2:02  Queen  
  22  2:03  Zergling x4  
  26  2:11  Zergling x2  
  26  2:14  Zergling x2  
  28  2:17  Metabolic Boost  
  28  2:23  Drone  
  28  2:25  Drone  
  30  2:36  Hatchery  
  29  2:39  Drone  
  29  2:42  Drone  
  31  2:48  Queen  
  33  2:54  Overlord  
  32  2:58  Drone  
  32  3:00  Drone  
  32  3:01  Drone  
  32  3:05  Drone  
  35  3:09  Drone  
  36  3:13  Queen  
  36  3:17  Drone  
  36  3:18  Drone  
  40  3:20  Zergling x2  
  40  3:22  Zergling x2  
  40  3:24  Zergling x2  
  40  3:26  Zergling x2  
  44  3:34  Overlord  
  44  3:47  Overlord  
  44  3:49  Drone x6  
  44  3:54  Spore Crawler, Drone x2  
  51  4:02  Queen  
  48  4:03  Drone x2  
  48  4:06  Drone  
  48  4:08  Drone  
  51  4:10  Drone  
  51  4:11  Drone  
  51  4:16  Spore Crawler  
  52  4:19  Drone x2  
  52  4:20  Drone  
  52  4:21  Spore Crawler  
  52  4:23  Drone  
  52  4:24  Drone  
  56  4:25  Drone  
  57  4:33  Zergling x10  
  57  4:37  Overlord  
  60  4:46  Spore Crawler  
  60  4:47  Drone x3  
  60  4:52  Drone  
  61  4:53  Drone x3  
  61  4:57  Lair  
  65  5:02  Drone, Roach Warren  
  65  5:03  Drone  
  65  5:06  Drone x2  
  68  5:09  Drone x2  
  68  5:13  Queen  
  70  5:15  Drone  
  70  5:16  Drone x2  
  70  5:19  Evolution Chamber  
  70  5:20  Overlord  
  72  5:24  Overlord  
  72  5:26  Extractor  
  72  5:27  Extractor  
  70  5:33  Overlord  
  69  5:36  Extractor  
  69  5:38  Overlord  
  69  5:40  Drone x4  
  69  5:41  Hatchery, Drone  
  72  5:43  Drone  
  72  5:48  Zerg Missile Weapons Level 1, Drone x2  
  72  5:49  Drone  
  76  5:55  Drone x5  
  81  5:59  Glial Reconstitution  
  81  6:00  Extractor, Baneling Nest  
  81  6:01  Extractor, Drone x3  
  81  6:07  Baneling Nest  
  81  6:18  Roach x6  
  93  6:22  Hatchery  
  93  6:23  Overlord x2  
  92  6:27  Overlord  
  92  6:29  Zergling x10  
  97  6:44  Overlord  
  97  6:46  Zergling x14  
  104  6:51  Centrifical Hooks  
  104  6:52  Roach  
  104  6:53  Roach  
  106  7:02  Drone x3  
  106  7:05  Drone x2  
  106  7:07  Drone  
  106  7:08  Drone  
  106  7:09  Drone, Roach x2  
  112  7:16  Roach x2  
  112  7:17  Roach x3  
  122  7:24  Overlord  
  122  7:25  Overlord x2  
  122  7:26  Roach x2  
  126  7:38  Roach x4  
  126  7:39  Zergling x2  
  135  7:44  Baneling x3  
  135  7:45  Baneling x9  
  135  7:48  Drone x3  
  136  7:51  Zergling x12  
  142  8:00  Zergling x10  
  142  8:05  Ravager x9  
  156  8:06  Zergling x2, Overlord x2  
  156  8:07  Zergling x6  
  156  8:12  Overlord  
  160  8:15  Overlord  
  160  8:19  Zergling x12  
  155  8:26  Roach x5  
  145  8:31  Roach x3  
  142  8:35  Drone x2  
  142  8:36  Zerg Melee Weapons Level 1  
  142  8:40  Drone x6  
  147  8:43  Drone x3  
  147  8:48  Drone x2  
  152  8:51  Evolution Chamber  
  150  8:59  Roach  
  150  9:00  Roach x6  
  150  9:02  Ravager x4  
  167  9:14  Overseer  
  167  9:15  Hatchery  
  167  9:16  Zerg Missile Weapons Level 2  
  166  9:19  Baneling x9  
  166  9:22  Zergling x14  
  173  9:26  Spore Crawler  
  173  9:28  Overlord x2  
  172  9:33  Zergling x12  
  172  9:38  Overlord x2  
  175  9:42  Zergling x2  
  175  9:43  Zergling x12  
  175  9:45  Baneling x5  
  182  9:46  Baneling  
  180  9:55  Zergling x20  
  188  10:02  Baneling  
  188  10:03  Baneling x16  
  188  10:11  Roach x5  
  193  10:22  Zergling x14  
  200  10:34  Zergling x2  
  199  10:49  Zergling x4  
  199  10:52  Baneling x22  
  196  10:59  Zergling x6  
  197  11:09  Roach x7  
  197  11:10  Hatchery  
  198  11:15  Zergling x30  
  192  11:20  Zergling x12  
  192  11:28  Zergling x4  
  190  11:36  Roach x7  
  170  11:44  Overseer x2  
  170  11:46  Roach x5  
  150  11:49  Roach x2  
  150  11:52  Roach  
  147  11:54  Queen  
  147  11:56  Hatchery  
  147  11:57  Zergling x2  
  128  12:05  Zergling x12  
  132  12:10  Zergling x2  
  132  12:11  Zergling x6  
  132  12:14  Overseer  
  136  12:19  Ravager x8  
  144  12:24  Zergling x6  
  147  12:30  Zergling x12  
  147  12:36  Drone x2  
  150  12:38  Zergling x6  
  150  12:43  Baneling x3  
  150  12:44  Baneling x3  
  153  12:46  Roach x5  
  163  12:54  Zerg Melee Weapons Level 2  
  163  12:56  Baneling x8  
  162  13:04  Roach x6  
  170  13:10  Roach x3  
  172  13:19  Zergling x12  
  167  13:23  Zergling x6  
  158  13:28  Zergling x4  
  158  13:34  Zergling x6  
  158  13:37  Zergling x4  
  149  13:41  Zergling x4  
  151  13:50  Zergling x10  
  139  14:03  Zergling x18  
  139  14:08  Zergling x10  
  148  14:21  Zergling x12  
  127  14:25  Roach x3  
  127  14:29  Baneling x9  
  127  14:31  Roach x2  
  129  14:37  Roach x4  
  137  14:45  Ravager x12  
  149  14:46  Ravager x2  
  149  14:47  Ravager  
  153  14:52  Zergling x2  
  153  14:53  Zergling x6  
  153  14:56  Zergling x8  
  160  15:02  Baneling x9  
  160  15:12  Drone x2  
  162  15:15  Zergling x2  
  162  15:16  Zergling x16  
  170  15:21  Baneling x8  
  170  15:30  Overlord  
  170  15:31  Overlord  
  170  15:34  Zergling x2  
  170  15:35  Zergling x14  
  145  15:58  Roach x11  
  141  16:08  Roach x10  
  150  16:16  Roach x5  
  159  16:24  Hatchery  
  158  16:31  Drone x2  
  158  16:32  Drone x2  
  162  16:33  Drone x2  
  162  16:34  Drone x2  
  162  16:38  Zergling x12  
  169  16:48  Drone  
  169  16:49  Drone  
  169  16:52  Zergling x20  
  170  17:05  Drone x2  
  170  17:09  Overseer  
  170  17:10  Overseer  
  170  17:12  Zergling x20  
  176  17:25  Zergling x12  
  177  17:39  Drone x7  
  177  17:40  Drone x2  
  177  17:41  Drone x2  
  185  17:54  Roach  
  185  17:55  Roach x7  
  186  18:05  Baneling  
  186  18:06  Baneling x7  
  186  18:08  Zergling x16  
  194  18:21  Zerg Ground Armor Level 1  
  190  18:32  Zergling x18  
  186  18:38  Zergling x22  
  183  18:46  Baneling x17  
  181  18:56  Zergling x26  
  181  18:58  Ravager x2  
  193  19:04  Zergling x2  
  193  19:05  Zergling x8  
  180  19:11  Baneling x12  
  180  19:12  Zergling x6  
  180  19:13  Zergling x2  
  184  19:18  Ravager x11  
  184  19:19  Overlord  
  195  19:25  Overlord  
  184  19:39  Zergling x32  
  192  19:45  Zergling x12  
  195  19:58  Roach x9  
  195  20:08  Overseer  
  195  20:09  Overseer  
  195  20:11  Roach x6  
  189  20:19  Roach  
  189  20:20  Roach x4  
  199  20:26  Roach  
  200  20:29  Extractor x2  
  200  20:31  Baneling x8  
  200  20:33  Zergling x2  
  200  20:34  Zergling x2  
  195  20:38  Zergling x20  
  194  20:45  Zergling x10  
  199  20:53  Baneling x17  
  197  21:00  Zergling x8  
  191  21:04  Zergling x2  
  191  21:05  Zergling x8  
  196  21:17  Zergling x18  
  199  21:24  Zergling x14  
  193  21:30  Zergling x12  
  164  21:33  Zergling x10  
  164  21:38  Roach x2  
  164  21:43  Roach x3  
  150  21:54  Roach x7  
  140  22:04  Roach x5  
  140  22:07  Ravager x3  
  149  22:08  Zergling x2  
  149  22:14  Zergling x10  
  137  22:28  Hatchery  
Show
View Real Time Build Order
Export as new Build Order

PtitDrogo Protoss 

Build Orders: 1 Gate Expand, Oracle Opening 

Get SALT Encoding   

  12  0:00  Probe  
  13  0:12  Probe  
  14  0:19  Pylon  
  14  0:24  Probe  
  15  0:37  Probe (Chrono Boost)  
  15  0:40  Gateway  
  16  0:46  Probe (Chrono Boost)  
  17  0:51  Assimilator, Probe  
  18  1:03  Probe  
  18  1:15  Probe  
  19  1:26  Nexus  
  19  1:36  Cybernetics Core  
  19  1:39  Probe  
  20  1:45  Assimilator  
  20  1:51  Probe  
  21  1:55  Pylon  
  21  2:03  Probe  
  22  2:10  Adept (Chrono Boost)  
  24  2:15  Probe  
  24  2:18  Stargate  
  25  2:26  Warp Gate  
  25  2:27  Probe  
  26  2:30  Adept (Chrono Boost)  
  28  2:41  Probe (Chrono Boost)  
  30  2:45  Probe (Chrono Boost)  
  30  2:50  Probe (Chrono Boost)  
  31  2:53  Adept, Probe (Chrono Boost)  
  34  3:01  Oracle (Chrono Boost)  
  37  3:05  Probe  
  37  3:08  Probe  
  37  3:09  Pylon  
  39  3:18  Probe  
  40  3:20  Gateway, Probe  
  41  3:30  Probe  
  41  3:32  Probe  
  41  3:33  Oracle (Chrono Boost)  
  46  3:42  Pylon, Probe  
  46  3:44  Probe  
  48  3:54  Probe  
  49  3:56  Probe  
  50  4:06  Probe  
  50  4:08  Probe  
  50  4:10  Nexus  
  50  4:14  Oracle  
  50  4:15  Adept  
  55  4:17  Shield Battery  
  55  4:18  Probe  
  56  4:24  Assimilator  
  56  4:25  Probe  
  56  4:26  Assimilator  
  56  4:30  Probe  
  58  4:38  Probe  
  59  4:41  Pylon  
  59  4:42  Probe  
  60  4:50  Probe  
  61  4:54  Probe  
  61  4:56  Twilight Council  
  61  4:57  Forge  
  61  4:58  Stalker  
  61  4:59  Adept  
  64  5:02  Gateway, Probe  
  64  5:06  Probe  
  64  5:14  Probe (Chrono Boost)  
  64  5:15  Gateway  
  64  5:18  Gateway  
  64  5:20  Gateway  
  66  5:21  Probe (Chrono Boost)  
  66  5:25  Protoss Ground Weapons Level 1 (Chrono Boost), Probe (Chrono Boost)  
  66  5:27  Probe (Chrono Boost)  
  66  5:28  Sentry x2  
  72  5:29  Blink (Chrono Boost)  
  72  5:35  Probe x2 (Chrono Boost)  
  74  5:36  Probe (Chrono Boost)  
  74  5:40  Probe (Chrono Boost)  
  74  5:42  Probe  
  76  5:43  Probe  
  76  5:48  Pylon  
  76  5:49  Robotics Facility  
  78  5:51  Probe  
  78  5:54  Sentry, Probe  
  78  5:55  Sentry  
  84  6:03  Probe  
  85  6:06  Assimilator, Probe  
  85  6:07  Assimilator  
  85  6:09  Gateway  
  85  6:10  Gateway  
  86  6:13  Gateway  
  86  6:14  Pylon  
  86  6:18  Stalker  
  88  6:24  Probe x3  
  91  6:26  Pylon  
  91  6:28  Pylon  
  91  6:35  Warp Prism (Chrono Boost)  
  91  6:39  Robotics Bay  
  93  6:43  Stalker x3  
  99  6:47  Stalker x2  
  99  6:53  Stalker  
  105  6:58  Pylon  
  105  7:05  Observer  
  106  7:10  Robotics Facility  
  106  7:11  Probe  
  106  7:12  Probe  
  106  7:14  Dark Shrine  
  108  7:19  Zealot x4  
  116  7:24  Photon Cannon  
  116  7:25  Nexus  
  116  7:27  Disruptor (Chrono Boost)  
  116  7:29  Pylon  
  116  7:35  Shield Battery  
  119  7:40  Pylon  
  119  7:43  Pylon  
  119  7:56  Disruptor (Chrono Boost)  
  119  7:57  Probe x2  
  127  8:08  Disruptor (Chrono Boost), Photon Cannon  
  127  8:09  Shield Battery  
  127  8:10  Stalker x6  
  139  8:17  Disruptor (Chrono Boost)  
  140  8:26  Stalker x3  
  143  8:33  Stalker  
  143  8:34  Stalker x5  
  147  8:35  Observer  
  147  8:38  Charge (Chrono Boost), Disruptor (Chrono Boost)  
  147  8:45  Protoss Ground Weapons Level 2 (Chrono Boost), Photon Cannon  
  148  9:01  Assimilator, Probe  
  148  9:02  Probe  
  148  9:13  Assimilator, Photon Cannon  
  148  9:16  Zealot x3  
  154  9:17  Zealot  
  156  9:26  Disruptor x2 (Chrono Boost)  
  161  9:39  Photon Cannon  
  161  9:43  Photon Cannon  
  161  9:44  Pylon, Gateway  
  161  9:45  Gateway  
  161  9:48  Templar Archives  
  161  9:49  Gateway  
  161  9:51  Gateway  
  157  10:01  Disruptor  
  157  10:06  Disruptor  
  163  10:10  Pylon  
  163  10:12  Pylon  
  163  10:13  Pylon  
  161  10:22  Dark Templar  
  163  10:30  Pylon  
  163  10:31  Pylon  
  163  10:33  Pylon  
  163  10:37  High Templar x6  
  163  10:40  Zealot x3  
  181  10:44  Archon x2  
  181  10:45  Archon  
  181  10:59  Probe  
  182  11:04  Dark Templar x4  
  182  11:05  Probe  
  163  11:19  Zealot x6  
  175  11:29  Disruptor x2  
  171  11:38  Zealot x4  
  138  11:40  Zealot x4  
  138  11:41  Zealot x2  
  117  11:52  Nexus  
  78  12:04  Disruptor x2 (Chrono Boost)  
  78  12:05  Protoss Ground Weapons Level 3 (Chrono Boost)  
  78  12:08  Probe  
  79  12:11  Dark Templar  
  79  12:12  Dark Templar  
  83  12:19  High Templar x2  
  83  12:20  Zealot x6  
  99  12:23  Archon  
  99  12:36  Archon  
  99  12:40  Probe  
  99  12:44  Zealot x8  
  98  12:49  Probe x2  
  114  12:55  High Templar  
  114  12:56  High Templar  
  118  13:00  Archon  
  118  13:06  Stalker x2  
  118  13:07  Zealot x5  
  118  13:11  Probe  
  125  13:26  Stalker  
  117  13:28  Probe  
  102  13:35  Dark Templar x5  
  102  13:36  Zealot  
  114  13:41  Archon x2  
  110  13:51  Zealot x3  
  116  13:58  Stalker x2  
  106  14:08  Zealot x4  
  108  14:10  Probe  
  98  14:31  Dark Templar  
  94  14:34  Probe x2  
  96  14:42  High Templar x2  
  96  14:43  High Templar x4  
  108  14:47  Nexus  
  108  14:49  Archon x3  
  108  14:50  Pylon  
  108  14:56  Shield Battery  
  108  15:00  Assimilator  
  108  15:01  Zealot x3  
  114  15:09  Shield Battery  
  114  15:11  Shield Battery, Zealot  
  116  15:19  Photon Cannon, High Templar x2  
  118  15:23  Archon  
  118  15:24  Observer (Chrono Boost)  
  118  15:25  Observer (Chrono Boost), High Templar x2  
  122  15:30  Archon  
  122  15:36  Dark Templar  
  122  15:42  Disruptor (Chrono Boost)  
  119  15:51  Probe  
  106  15:58  Probe x2  
  106  15:59  Probe  
  106  16:04  Stalker, Probe  
  96  16:05  Zealot  
  96  16:10  Probe  
  97  16:14  Probe x2  
  97  16:16  Probe  
  96  16:23  Probe  
  96  16:25  Dark Templar  
  99  16:26  Disruptor (Chrono Boost)  
  99  16:31  Shield Battery  
  102  16:34  High Templar x2  
  102  16:38  Archon  
  106  16:47  Dark Templar  
  107  16:58  Zealot x3  
  107  17:00  Immortal x2 (Chrono Boost)  
  115  17:28  Zealot x4  
  116  17:32  Disruptor x2 (Chrono Boost)  
  116  17:35  Zealot x2  
  123  17:43  Zealot x3  
  127  17:49  Dark Templar  
  129  17:58  High Templar x4  
  129  18:03  Archon x2  
  124  18:12  Zealot x3  
  130  18:20  Stalker  
  126  18:27  Stalker x2  
  110  18:44  Zealot x2  
  110  18:57  High Templar x4  
  110  19:01  Archon x2  
  114  19:09  High Templar  
  112  19:12  Zealot x2  
  116  19:23  High Templar  
  116  19:24  Zealot x2  
  122  19:26  Archon  
  122  19:29  Probe  
  117  19:45  Disruptor (Chrono Boost)  
  107  20:13  Zealot x6  
  119  20:26  Disruptor  
  104  20:42  Nexus  
  104  20:44  High Templar x2  
  104  20:49  Archon  
  108  20:52  Pylon  
  108  21:07  Probe x4  
  108  21:09  High Templar x2  
  108  21:11  Zealot  
  118  21:14  Archon  
  114  21:20  Stalker  
  114  21:22  Probe  

Tags
 
Add a new tag
Caveats
  • Supply blocks, unpowered buildings, or Contaminate may cause inaccurate times.
  • Supply counts are checked every 10 seconds.